 Dungeon Crawl Stone Soup version 0.30.0-10-gfe55d96785 (webtiles) character file.

Game seed: 14882989859334502647

1142 Pimp the Skirmisher (level 8, 0/48 HPs)
             Began as a Deep Elf Hunter on May 13, 2023.
             Killed by divine providence
             ... invoked by an orc priest
              (11 damage)
             ... on level 5 of the Dungeon.
             The game lasted 00:07:43 (3946 turns).

Pimp the Skirmisher (Deep Elf Hunter)               Turns: 3946, Time: 00:07:44

Health: 0/48       AC: 27    Str:  7    XL:     8   Next: 15%
Magic:  10/10      EV:  0    Int: 19    God:
Gold:   197        SH:  0    Dex: 22    Spells: 7/7 levels left

rFire   + . .        f - +2 dagger (venom)
rCold   . . .        (no shield)
rNeg    . . .        m - +8 plate armour of the Lotus Blossom {Will+ Dex+3}
rPois   .            i - +2 helmet
rElec   .            d - +0 cloak
rCorr   .            e - +2 pair of gloves
SInv    .            (no boots)
Will    +....        (no amulet) Stlth
                     g - ring of protection from fire
HPRegen 0.28/turn    (no ring)
MPRegen 0.12/turn

%: no passive effects
@: no status effects
A: clever 1
a: no special abilities


You were on level 5 of the Dungeon.
You visited 1 branch of the dungeon, and saw 5 of its levels.

You collected 197 gold pieces.

Inventory:

Hand Weapons
 a - a +0 shortbow
 f - a +2 dagger of venom (weapon)
Armour
 c - a +0 leather armour
 d - a +0 cloak (worn)
 e - a +2 pair of gloves (worn)
 h - a +0 pair of gloves
 i - a +2 helmet (worn)
 j - a +0 kite shield
 m - the +8 plate armour of the Lotus Blossom (worn) {Will+ Dex+3}
   (You found it on level 2 of the Dungeon)

   Dex:       It affects your dexterity (+3).
   Will:      It increases your willpower.
Jewellery
 g - a ring of protection from fire (left hand)
Scrolls
 b - 3 scrolls of immolation
 l - 2 scrolls of teleportation
 o - a scroll of vulnerability
 q - 2 scrolls of amnesia
Potions
 n - a potion of berserk rage
 r - a potion of flight


   Skills:
 + Level 3.8 Fighting
 + Level 0.8 Short Blades
 * Level 9.5 Ranged Weapons
 * Level 4.5 Armour
 - Level 2.9 Dodging
 - Level 2.0 Stealth


You had 7 spell levels left.
You didn't know any spells.
Your spell library was empty.

Dungeon Overview and Level Annotations

Branches:
Dungeon (5/15)
 Temple: D:4-7

Altars:

Shops:
D:1 [


Innate Abilities, Weirdness & Mutations

Your mind is acute. (Int +4, Str/Dex -1)


Message History

You climb downwards.
There is a stone staircase leading up here.
As you read the scroll labelled ZEYM RIESUJO, it crumbles to dust.
You hear a loud clanging noise!
It was a scroll of noise.
You hear a shout! x5
You start waiting.
An orc priest comes into view. It is wielding a +0 club.
You shoot an arrow. The orc priest shouts!
The arrow hits the orc priest!
The orc priest is heavily wounded.
An orc comes into view. It is wielding a +0 hand axe.
You shoot an arrow. The arrow barely misses the orc priest.
The orc shouts!
You hear a shout!
An orc priest comes into view. It is wielding a +0 club.
The orc priest mumbles some strange prayers to Beogh against you.
Beogh smites you!
You shoot an arrow. The arrow hits the orc priest.
The orc priest is almost dead.
The orc priest hits you but does no damage. x2
An orc comes into view. It is wielding a +0 dagger.
Your +2 dagger of venom begins to drip with poison!
f - a +2 dagger of venom (weapon)
The orc priest calls upon Beogh to heal the orc priest.
The orc priest is healed somewhat.
The orc priest hits you but does no damage.
The orc hits you but does no damage.
You closely miss the orc priest.
The orc priest is heavily wounded.
The orc priest invokes the aid of Beogh against you.
Beogh smites you!
The orc priest calls down the wrath of Beogh upon you.
Beogh smites you!
* * * LOW HITPOINT WARNING * * *
The orc hits you but does no damage.
The orc priest begins to cast a cantrip, but forgets the words!
The orc priest invokes the aid of Beogh against you.
Beogh smites you!
You die...

. #####
#...##...##.#
.......@oo..#
...###.o.o.....
####.####. .# #


You could see 2 orc priests and 2 orcs.

Vanquished Creatures
  Pikel (D:4)
  Sigmund (D:3)
  A scorpion (D:4)
  2 hounds (D:4)
  Crazy Yiuf (D:3)
  4 orc priests
  A sleepcap (D:4)
  Natasha (thrice) (D:3)
  3 orc wizards (D:4)
  3 adders (D:4)
  A worm (D:2)
  3 dart slugs
  11 orcs
  4 bats
  6 endoplasms
  3 giant cockroaches
  5 goblins
  5 hobgoblins
  2 jackals (D:2)
  6 kobolds
  4 ball pythons
  2 frilled lizards
  3 rats
75 creatures vanquished.

Notes
Turn   | Place    | Note
-------+----------+-------------------------------------------
     0 | D:1      | Pimp the Deep Elf Hunter began the quest for the Orb.
     0 | D:1      | Reached XP level 1. HP: 12/12 MP: 3/3
   173 | D:1      | Found a faded altar of an unknown god.
   189 | D:1      | Reached XP level 2. HP: 17/17 MP: 4/4
   705 | D:1      | Found a transporter.
   705 | D:1      | Found Icleoreu's Armour Emporium.
   740 | D:1      | Found a transporter.
   855 | D:2      | Gained mutation: Your mind is acute. (Int +4, Str/Dex -1)
                  | [potion of mutation]
  1007 | D:2      | Reached XP level 3. HP: 21/21 MP: 5/5
  1084 | D:2      | Identified the +8 plate armour of the Lotus Blossom {Will+
                  | Dex+3}
  1436 | D:3      | Reached skill level 6 in Ranged Weapons
  1491 | D:3      | Reached skill level 1 in Armour
  1491 | D:3      | Reached XP level 4. HP: 26/26 MP: 6/6
  1522 | D:3      | Noticed Sigmund
  1540 | D:3      | HP: 1/26 [something (7)]
  1541 | D:3      | Killed Sigmund
  1542 | D:3      | Reached skill level 7 in Ranged Weapons
  1542 | D:3      | Reached XP level 5. HP: 2/31 MP: 7/7
  1711 | D:3      | Noticed Natasha
  1716 | D:3      | Killed Natasha
  1774 | D:3      | Noticed Natasha
  1780 | D:3      | Killed Natasha
  1781 | D:3      | Reached XP level 6. HP: 36/36 MP: 8/8
  1877 | D:3      | Noticed Natasha
  1884 | D:3      | Killed Natasha
  2056 | D:3      | Found a runed translucent door.
  2057 | D:3      | Noticed Crazy Yiuf
  2547 | D:3      | Killed Crazy Yiuf
  2789 | D:4      | Noticed Pikel
  2812 | D:4      | Killed Pikel
  2813 | D:4      | Reached skill level 9 in Ranged Weapons
  2813 | D:4      | Reached XP level 7. HP: 15/41 MP: 9/9
  3095 | D:4      | Reached XP level 8. HP: 47/48 MP: 10/10
  3916 | D:5      | Entered Level 5 of the Dungeon
  3946 | D:5      | Killed from afar by an orc priest

Illustrated notes

Levels and vault maps discovered:
D:1:      ldierk_walled_garden_2, layout_loops_ring, serial_shops,
          nicolae_shop_drivethru, hellmonk_ecumenical_altar_leap_of_faith,
          minmay_misc_feat_doors
D:2:      layout_basic
D:3:      kennysheep_six_static_rooms, layout_loops_ring, uniq_sigmund,
          uniq_crazy_yiuf_cottage, uniq_natasha
D:4:      layout_basic, palyth_stone_intersect, chequers_serial_rivers_micro_c,
          minmay_fractal_squares_diagonal_5, uniq_pikel
D:5:      layout_loops_cross, nicolae_qazlal_beasts_of_the_sky,
          minmay_temple_entry_mist

Skill      XL: |  1  2  3  4  5  6 |
---------------+-------------------+-----
Stealth        | 2 |  2.0
Fighting       | 2 3 |  3.8
Ranged Weapons | 6 7 9 |  9.5
Armour         | 1 2 4 |  4.5
Short Blades   | |  0.8
Dodging        | |  2.9

Action                     |  1- 3 |  4- 6 |  7- 9 || total
---------------------------+-------+-------+-------++-------
  Melee: Dagger            |    12 |    42 |    42 ||    96
         Punch             |       |       |     1 ||     1
   Fire: Shortbow          |    78 |    45 |    46 ||   169
    Use: Potion            |     1 |     4 |       ||     5
         Scroll            |     1 |    12 |     2 ||    15
 Armour: Leather armour    |     6 |       |       ||     6
         Plate armour      |    24 |    59 |   120 ||   203
  Dodge: Dodged            |    19 |       |     5 ||    24
